 Dungeon Crawl Stone Soup version 0.22-a0-605-g9281fa2 (webtiles) character file.

1416 chorionicmirror the Skirmisher (level 8, -1/65 HPs)
             Began as a Demonspawn Fighter on July 8, 2018.
             Slain by a large slime creature (9 damage)
             ... on level 5 of the Dungeon.
             The game lasted 00:18:52 (5333 turns).

chorionicmirror the Skirmisher (Demonspawn Fighter) Turns: 5333, Time: 00:18:53

Health: -1/65      AC:  6    Str: 19    XL:     8   Next: 43%
Magic:  8/8        EV:  9    Int:  9    God:
Gold:   29         SH: 10    Dex: 13    Spells: 7/7 levels left

rFire    + . .     SeeInvis .   a - +0 long sword
rCold    . . .     Gourm    .   c - +0 shield
rNeg     . . .     Faith    .   b - +0 scale mail
rPois    .         Spirit   .   (no helmet)
rElec    .         Reflect  .   (no cloak)
rCorr    .         Harm     .   (no gloves)
MR       .....                  (boots unavailable)
Stlth    ..........             s - amulet of magic regeneration
HPRegen  0.20/turn              h - +2 ring of evasion
MPRegen  0.36/turn              (no ring)

@: berserk cooldown, slowed, very slow
A: talons 3, fire resistance 1, powered by pain 2
a: no special abilities


You were on level 5 of the Dungeon.
You were not hungry.

You visited 1 branch of the dungeon, and saw 5 of its levels.
You also visited: Sewer.

You collected 179 gold pieces.
You spent 150 gold pieces at shops.

Inventory:

Hand Weapons
 a - a +0 long sword (weapon)
Missiles
 q - a throwing net (quivered)
Armour
 b - a +0 scale mail (worn)
 c - a +0 shield (worn)
Jewellery
 h - a +2 ring of evasion (left hand)
 s - an amulet of magic regeneration (around neck)
Wands
 m - a wand of iceblast (2)
Scrolls
 g - 8 scrolls of teleportation
 i - 4 scrolls of identify
 j - 2 scrolls of fog
 l - 2 scrolls of remove curse
 n - a scroll of magic mapping
Potions
 d - a potion of might
 e - 2 potions of haste
 k - a potion of flight {unknown}
 o - a potion of magic
 p - 3 potions of brilliance
 r - a potion of heal wounds
Comestibles
 f - 7 rations


   Skills:
 + Level 6.6 Fighting
 + Level 5.7 Long Blades
 - Level 2.6 Armour
 - Level 6.2 Shields


You had 7 spell levels left.
You didn't know any spells.
Your spell library was empty.

Dungeon Overview and Level Annotations

Branches:
Dungeon (5/15)
 Temple: D:4-7

Altars:

Shops:
D:4 !


Innate Abilities, Weirdness & Mutations

You have claws for feet.
Your flesh is heat resistant. (rF+)
You sometimes gain power by taking damage.


Message History

You slash the ooze!
You kill the ooze!
The fungus is no longer covered in acid.
Your shield prevents you from hitting the slime creature.
The slime creature hits you!
* * * LOW HITPOINT WARNING * * *
You slice the slime creature!! You claw the slime creature!
The slime creature is heavily wounded.
The ooze barely misses you.
Two slime creatures merge to form a large slime creature.
You hit the ooze.
You kill the ooze!
You slash the ooze!
You kill the ooze!
You are no longer berserk.
You are exhausted.
You feel yourself slow down.
You see here an enchanted dagger.
The large slime creature hits you!
You die...

#.#........................##
...##.#.##################......(
...##.### #########...... ......
##########.....÷# #......
....#####......##'....P.# #...###
....#.##.......#.#.....÷# #...##
......'........#J#....÷.# ##...#
...#..)).......#J#J...÷.####...##
.(....()(....#'#@#.....÷##.......
#.###.##.....#.#(#..÷...##.##..##
#.# #####....#.#.#P÷÷.P.##.###.##
#.# #######(##.....$##.# #..# ..#
### #(####.# ### #########(......
###### #######......#(....##.
...... #............#(###.##.
...... #............#(# #.##.


You could see a large slime creature and an ooze.

Vanquished Creatures
  A slime creature (D:5)
  Menkaure (D:4)
  2 phantoms (D:5)
  2 centaurs (D:5)
  A big kobold (D:5)
  A scorpion (D:4)
  4 hounds
  2 jellies (D:5)
  A bullfrog skeleton (D:4)
  2 orc priests
  3 orc wizards (D:4)
  2 worker ants (D:4)
  An iguana (D:4)
  8 adders
  6 oozes (D:5)
  3 worms
  A leopard gecko (D:3)
  11 orcs
  4 ball pythons
  13 bats
  6 giant cockroaches
  6 goblins
  9 hobgoblins
  13 jackals
  14 kobolds
  A ball python skeleton (D:4)
  16 frilled lizards
  6 rats
140 creatures vanquished.

Vanquished Creatures (others)
  An adder (D:3)
  7 fungi (D:5)
  6 toadstools (D:5)
14 creatures vanquished.

Grand Total: 154 creatures vanquished

Notes
Turn   | Place    | Note
-------+----------+-------------------------------------------
     0 | D:1      | chorionicmirror the Demonspawn Fighter began the quest for the Orb.
     0 | D:1      | Reached XP level 1. HP: 18/18 MP: 1/1
   257 | D:1      | Gained mutation: You have sharp toenails. [demonic ancestry]
   257 | D:1      | Reached XP level 2. HP: 18/24 MP: 2/2
  1009 | D:2      | Gained mutation: You have razor-sharp toenails. [demonic ancestry]
  1009 | D:2      | Reached XP level 3. HP: 29/29 MP: 3/3
  1759 | D:3      | Reached XP level 4. HP: 16/35 MP: 4/4
  2336 | D:3      | Reached skill level 5 in Shields
  2814 | D:3      | Gained mutation: You sometimes gain a little power by taking damage. [demonic ancestry]
  2814 | D:3      | Reached XP level 5. HP: 39/41 MP: 5/5
  3164 | D:4      | Found a glowing drain.
  3191 | Sewer    | Entered a sewer
  3824 | D:4      | Gained mutation: You have claws for feet. [demonic ancestry]
  3824 | D:4      | Reached XP level 6. HP: 47/47 MP: 6/6
  3910 | D:4      | Found Joiw's Distillery.
  3976 | D:4      | Gained mutation: Your flesh is heat resistant. (rF+) [demonic ancestry]
  3976 | D:4      | Reached XP level 7. HP: 24/54 MP: 7/7
  3991 | D:4      | Bought a potion of heal wounds for 50 gold pieces
  3991 | D:4      | Bought a potion of heal wounds for 50 gold pieces
  3991 | D:4      | Bought a potion of berserk rage for 50 gold pieces
  4172 | D:4      | Noticed Menkaure
  4179 | D:4      | Killed Menkaure
  4478 | D:5      | Entered Level 5 of the Dungeon
  4504 | D:5      | Found Paolaafid's General Store.
  4672 | D:5      | Reached skill level 5 in Fighting
  4980 | D:5      | Gained mutation: You sometimes gain power by taking damage. [demonic ancestry]
  4980 | D:5      | Reached XP level 8. HP: 18/64 MP: 8/8
  5259 | D:5      | Reached skill level 5 in Long Blades
  5297 | D:5      | Noticed a slime creature
  5298 | D:5      | Noticed a slime creature
  5298 | D:5      | Noticed a slime creature
  5318 | D:5      | Killed a slime creature
  5333 | D:5      | Slain by a large slime creature

Vault maps used:
D:1:      dpeg_arrival_round_c, minmay_pentomino_x2
D:4:      first_ration, serial_shops, shop, portal_sewer_entry_d, uniq_menkaure
D:5:      cheibrodos_fertilizer, serial_shops, shop
Sewer:    sewer_co_cracked_pipes

Skill      XL: |  1  2  3  4  5  6  7  8 |
---------------+-------------------------+-----
Shields        | 3 4 5 6 |  6.2
Long Blades    | 3 4 5 |  5.7
Fighting       | 4 5 6 |  6.6
Armour         | |  2.6

Action                   |  1- 3 |  4- 6 |  7- 9 || total
-------------------------+-------+-------+-------++-------
Melee: Long sword        |   131 |   196 |   113 ||   440
       Kick              |    26 |    54 |    38 ||   118
Evoke: Wand              |       |       |     4 ||     4
  Use: Scroll            |     7 |     8 |       ||    15
       Potion            |       |     5 |     2 ||     7
  Eat: Chunk             |     3 |     4 |     1 ||     8
       Ration            |       |     1 |     1 ||     2
Armor: Scale mail        |    69 |    94 |    24 ||   187
Dodge: Dodged            |    39 |    76 |    33 ||   148
Block: Shield            |    67 |   119 |    59 ||   245
       Rpst.: Long sword |    14 |    20 |    13 ||    47

Table legend:
 A = Spawn XP
 B = Non-spawn XP
 C = Spawn XP percentage of total XP
 D = Spawn monster count
 E = Non-spawn monster count
 F = Spawn count percentage of total count
 G = Total turns spent on level
                    A         B        C        D         E        F      G
               +---------+---------+-------+---------+---------+-------+---------
         Total |       0 |    2023 |   0.0 |       0 |     140 |   0.0 |  5333
               +---------+---------+-------+---------+---------+-------+---------
           D:1 |       0 |      36 |   0.0 |       0 |      21 |   0.0 |   964
           D:2 |       0 |      50 |   0.0 |       0 |      22 |   0.0 |   687
           D:3 |       0 |     122 |   0.0 |       0 |      28 |   0.0 |  1421
           D:4 |       0 |     721 |   0.0 |       0 |      25 |   0.0 |   848
           D:5 |       0 |    1050 |   0.0 |       0 |      28 |   0.0 |   855
         Sewer |       0 |      44 |   0.0 |       0 |      16 |   0.0 |   558
               +---------+---------+-------+---------+---------+-------+---------
